 Dungeon Crawl Stone Soup version 0.21.1-1-g345015f (webtiles) character file.

91 cultivahabas the Caller (level 4, -2/30 HPs)
             Began as a Human Summoner on Apr 24, 2018.
             Slain by bmj180's ghost (16 damage)
             ... on level 3 of the Dungeon.
             The game lasted 00:33:45 (3178 turns).

cultivahabas the Caller (Human Summoner)            Turns: 3178, Time: 00:33:46

Health: -2/30      AC:  2    Str:  8    XL:     4   Next: 87%
Magic:  5/8        EV: 12    Int: 16    God:
Gold:   140        SH:  0    Dex: 14    Spells: 2/8 levels left

rFire    . . .     SeeInvis .   (no weapon)
rCold    . . .     Gourm    .   (no shield)
rNeg     . . .     Faith    .   a - +0 robe
rPois    .         Spirit   .   (no helmet)
rElec    .         Reflect  .   (no cloak)
rCorr    .         Harm     .   (no gloves)
MR       .....                  (no boots)
Stlth    ++........             (no amulet)
HPRegen  0.10/turn              (no ring)
MPRegen  0.11/turn              (no ring)

@: no status effects
A: no striking features
a: no special abilities


You were on level 3 of the Dungeon.
You were very hungry.

You visited 1 branch of the dungeon, and saw 3 of its levels.

You collected 140 gold pieces.

Inventory:

Missiles
 f - 84 stones (quivered)
Armour
 a - a +0 robe (worn)
 j - a +3 ring mail
Jewellery
 k - a +2 amulet of reflection {unknown}
 m - a cursed amulet of inaccuracy {unknown}
Scrolls
 d - a scroll of enchant weapon
 l - a scroll of fog {unknown}
 n - a scroll of fear {unknown}
 p - a scroll of enchant armour {unknown}
Potions
 e - a potion of flight {unknown}
 g - a potion of might {unknown}
 h - a potion of ambrosia {unknown}
 o - a potion of magic {unknown}
 r - a potion of degeneration {unknown}
Books
 b - a book of Callings

   Spells                             Type                      Level
   a - Summon Small Mammal            Summoning                    1
   b - Call Imp                       Summoning                    2
   c - Call Canine Familiar           Summoning                    3
   d - Summon Guardian Golem          Hexes/Summoning              3
   e - Summon Lightning Spire         Summoning/Air                4
   f - Summon Ice Beast               Ice/Summoning                4
Comestibles
 c - 4 rations


   Skills:
 - Level 2.0 Dodging
 - Level 2.0 Stealth
 + Level 2.9 Spellcasting
 * Level 5.3 Summonings


You had 2 spell levels left.
You knew the following spells:

 Your Spells              Type           Power        Failure   Level  Hunger
a - Summon Small Mammal   Summ           ###.         1%          1    #......
b - Call Imp              Summ           ###.....     3%          2    ##.....
c - Call Canine Familiar  Summ           ###.....     6%          3    ###....


Dungeon Overview and Level Annotations

Branches:
Dungeon (3/15)

Altars:
Cheibriados
Hepliaklqana
Uskayaw
Xom

Annotations:
D:3 bmj180's ghost, amateur HOFi


Message History

Confirm with . or Enter, or press ? or * to list all spells.
You don't know that spell.
You can't go down here!
You climb upwards.
There is a stone staircase leading down here.
You start resting.
Magic restored.
Okay, then.
You can't go up here!
You can't go up here!
You climb downwards.
Level annotation: bmj180's ghost, amateur HOFi Bmj180's ghost hits you!
Ouch! That really hurt!
There is a stone staircase leading up, spattered with blood here.
Casting: Call Canine Familiar
Confirm with . or Enter, or press ? or * to list all spells.
Bmj180's ghost hits you!
Ouch! That really hurt!
You die...

.....###
#.###...........#.
...#.# #.#
#.......###.#.
..##.### #.#
#..####.# #.#.
.###...# #.# #..#
#.# #.#. ..####.#
#.# #..####.# #.#.
##.###.# #.#
#..##...###.#.
##.##.# #h#
#......รท......
##.#.# #.#
#.###....##.##
#.#.#########@#
#.###..#......
#..<........W.#
#.#......##.##
#.##.###########
#.#.###.###.# ##.#
#.# #...# #.....#
..####.#
###.###.#####
.......# #.....#
.#.....#
########.#.#
.......#
........)#.#
.#.....#
##########.#


You could see bmj180's ghost and a friendly hound.

Vanquished Creatures
  A bat (D:1)
1 creature vanquished.

Vanquished Creatures (collateral kills)
  Robin (D:2)
  5 adders
  4 worms (D:2)
  3 dart slugs
  2 leopard geckos
  3 orcs (D:3)
  3 giant cockroaches
  11 goblins
  11 hobgoblins
  2 jackals (D:1)
  2 quokkas (D:3)
  3 ball pythons
  9 bats
  3 frilled lizards
  8 kobolds
  5 rats
75 creatures vanquished.

Grand Total: 76 creatures vanquished

Notes
Turn   | Place    | Note
-------+----------+-------------------------------------------
     0 | D:1      | cultivahabas the Human Summoner began the quest for the Orb.
     0 | D:1      | Reached XP level 1. HP: 13/13 MP: 3/3
   193 | D:1      | Reached XP level 2. HP: 15/19 MP: 5/5
   383 | D:1      | Learned a level 2 spell: Call Imp
   929 | D:2      | Reached XP level 3. HP: 24/24 MP: 2/6
   980 | D:2      | Noticed Robin
  1480 | D:2      | Reached XP level 4. HP: 25/30 MP: 3/7
  1642 | D:2      | Reached skill level 5 in Summonings
  1864 | D:2      | Killed Robin
  2122 | D:3      | Found a snail-covered altar of Cheibriados.
  2148 | D:3      | Found a faded altar of an unknown god.
  2200 | D:3      | Found a shimmering altar of Xom.
  2282 | D:3      | Found a hide-covered altar of Uskayaw.
  2368 | D:3      | Noticed bmj180's ghost (amateur HOFi)
  2591 | D:2      | Learned a level 3 spell: Call Canine Familiar
  2830 | D:3      | Found a hazy altar of Hepliaklqana.
  3178 | D:3      | Slain by bmj180's ghost

Skill      XL: |  1  2  3  4 |
---------------+-------------+-----
Summonings     | 5 |  5.3
Dodging        | |  2.0
Stealth        | |  2.0
Spellcasting   | |  2.9

Action                   |  1- 3 |  4- 6 || total
-------------------------+-------+-------++-------
Melee: Unarmed           |     3 |     6 ||     9
Throw: Stone             |    13 |     6 ||    19
 Cast: Summon Small Mamm |    28 |     2 ||    30
       Call Imp          |    20 |    40 ||    60
       Call Canine Famil |       |     6 ||     6
  Use: Scroll            |     3 |     1 ||     4
       Potion            |     1 |     1 ||     2
  Eat: Chunk             |     3 |     7 ||    10
Armor: Robe              |     7 |    20 ||    27
Dodge: Dodged            |    37 |    42 ||    79
